 Dungeon Sprint DCSS version 0.22.0-16-gc6d26f6 (webtiles) character file.

1593 doot the Thaumaturge (level 8, -1/103 HPs)
             Began as a Gnoll Skald on Aug 17, 2018.
             Was a Priest of Lugonu.
             Slain by a two-headed ogre
             ... wielding a +0 dire flail
              (14 damage)
             ... in the Dungeon (Sprint IX: "|||||||||||||||||||||||||||||").
             The game lasted 00:07:52 (890 turns).

doot the Thaumaturge (Gnoll Skald)                   Turns: 890, Time: 00:07:52

Health: -1/103     AC:  6    Str: 27    XL:     8   Next: 93%
Magic:  17/20      EV: 17    Int: 20    God:    Lugonu [***...]
Gold:   0          SH:  0    Dex: 14    Spells: 13/24 levels left

rFire    . . .     SeeInvis .   u - +2 halberd of Sejiomn {freeze, Str+4 Int+5 Dex-2}
rCold    . . .     Gourm    .   (shield currently unavailable)
rNeg     . . .     Faith    .   b - +0 leather armour
rPois    .         Spirit   .   (no helmet)
rElec    .         Reflect  .   (no cloak)
rCorr    .         Harm     .   (no gloves)
MR       .....     NoTele   +   (no boots)
Stlth    ..........             (no amulet)
HPRegen  0.27/turn              n - +3 ring of strength
MPRegen  0.17/turn              o - +2 ring of protection

@: berserking, singing (expiring), very quick
A: distributed training, fangs 1, strong nose
a: Bend Space, Banish, Renounce Religion


You were in the Dungeon.
You worshipped Lugonu.
Lugonu was most pleased with you.
You were not hungry.

You visited 1 branch

Inventory:

Hand Weapons
 a - a +0 mace
 t - a +2 dire flail of crushing
 u - the +2 halberd of Sejiomn (weapon) {freeze, Str+4 Int+5 Dex-2}
   (You found it in the Dungeon)

   It has been specially enchanted to freeze those struck by it, causing extra
   injury to most foes and up to half again as much damage against particularly
   susceptible opponents.
   It can also slow down cold-blooded creatures.
   It affects your strength (+4).
   It affects your intelligence (+5).
   It affects your dexterity (-2).
 v - a +4 quarterstaff of speed
 w - a +2 rapier of venom
 x - a +2 scimitar of holy wrath
 y - a +3 war axe of chopping
Armour
 b - a +0 leather armour (worn)
 p - a +1 chain mail
 q - a +0 cloak
 r - a +0 pair of gloves
Magical Staves
 s - an uncursed staff of energy
Jewellery
 n - a +3 ring of strength (left hand)
 o - a +2 ring of protection (right hand)
Wands
 m - a wand of iceblast (10)
Scrolls
 j - 2 scrolls of blinking
 k - 3 scrolls of remove curse
 l - 2 scrolls of amnesia
Potions
 c - a potion of invisibility
 e - 5 potions of curing
 f - 2 potions of heal wounds
 g - a potion of haste
 h - 4 potions of magic
Comestibles
 d - a ration
 z - 4 chunks of flesh


   Skills:
 + Level 8.3 Fighting
 + Level 6.9 Short Blades
 + Level 6.9 Long Blades
 + Level 6.9 Axes
 + Level 8.3 Maces & Flails
 + Level 6.9 Polearms
 + Level 6.9 Staves
 + Level 6.9 Slings
 + Level 6.9 Bows
 + Level 6.9 Crossbows
 + Level 6.9 Throwing
 + Level 7.4 Armour
 + Level 8.3 Dodging
 + Level 6.9 Stealth
 + Level 6.9 Shields
 + Level 6.9 Unarmed Combat
 + Level 8.6 Spellcasting
 + Level 5.7 Conjurations
 + Level 5.7 Hexes
 + Level 8.0 Charms
 + Level 5.7 Summonings
 + Level 5.7 Necromancy
 + Level 5.7 Translocations
 + Level 5.7 Transmutations
 + Level 5.7 Fire Magic
 + Level 5.7 Ice Magic
 + Level 5.7 Air Magic
 + Level 5.7 Earth Magic
 + Level 5.7 Poison Magic
 + Level 7.5 Invocations
 + Level 6.9 Evocations


You had 13 spell levels left.
You knew the following spells:

 Your Spells              Type           Power        Failure   Level  Hunger
a - Infusion              Chrm           ####         1%          1    None
b - Song of Slaying       Chrm           #####...     1%          2    None
c - Shroud of Golubria    Chrm/Tloc      #####.....   1%          2    None
d - Regeneration          Chrm/Necr      #####.....   1%          3    None
e - Spectral Weapon       Hex/Chrm       #####...     1%          3    None

Your spell library contained the following spells:

 Spells                   Type           Power        Failure   Level  Hunger


Dungeon Overview and Level Annotations

Branches:
Dungeon (1/1)

Altars:
Cheibriados
Dithmenos
Elyvilon
Fedhas
Gozag
Hepliaklqana
Kikubaaqudgha
Makhleb
Nemelex Xobeh
Okawaru
Qazlal
Ru
Sif Muna
Trog
Uskayaw
Vehumet
Wu Jian
Xom
Yredelemnul
Zin
The Shining One
Beogh
Jiyva
Lugonu


Innate Abilities, Weirdness & Mutations

Your experience applies equally to all skills.
You have very sharp teeth.
Your uncanny sense of smell can sniff out nearby items.


Message History

Your Air Magic skill increases to level 5!
Your Earth Magic skill increases to level 5!
Your Poison Magic skill increases to level 5!
Your Invocations skill increases to level 7!
Your Evocations skill increases to level 6!
You have reached level 8!
You feel stronger.
You impale the purple ugly thing!! You freeze the purple ugly thing!
The purple ugly thing is heavily wounded.
Your song is almost over.
The purple ugly thing closely misses you.
You impale the purple ugly thing!! You freeze the purple ugly thing!
You kill the purple ugly thing!
Lugonu accepts your kill.
Your Charms skill increases to level 8!
You puncture the two-headed ogre! You freeze the two-headed ogre.
The two-headed ogre is moderately wounded.
The two-headed ogre misses you.
The two-headed ogre hits you with a giant spiked club!
You die...

▓+▓
▓.▓
▓.▓
▓.▓
▓.▓
∆
▓a▓
∆
▓O▓
∆
▓@▓
∆
▓.▓
▓.▓
∆
▓.▓
▓.▓
∆
▓.▓
∆
▓.▓
∆
▓)▓
∆
▓.▓


You could see a two-headed ogre and a worker ant.

Vanquished Creatures
  2 ugly things (D)
  A troll (D)
  A swamp worm (shapeshifter) (D)
  A soldier ant (D)
  An orc warrior (D)
  2 bullfrogs (D)
  A killer bee (D)
  A howler monkey (D)
  2 crimson imps (D)
  A shadow imp (D)
  A dart slug (D)
  A leopard gecko (D)
  An orc (D)
  A hobgoblin (D)
  2 kobolds (D)
  A rat (D)
20 creatures vanquished.

Notes
Turn   | Place    | Note
-------+----------+-------------------------------------------
     0 | D        | doot the Gnoll Skald began the quest for the Orb.
     0 | D        | Reached XP level 1. HP: 20/20 MP: 6/6
    20 | D        | Reached skill level 5 in Spellcasting
    20 | D        | Reached skill level 1 in Invocations
    24 | D        | Reached skill level 1 in Short Blades
    24 | D        | Reached skill level 1 in Long Blades
    24 | D        | Reached skill level 1 in Axes
    24 | D        | Reached skill level 1 in Polearms
    24 | D        | Reached skill level 1 in Staves
    24 | D        | Reached skill level 1 in Slings
    24 | D        | Reached skill level 1 in Bows
    24 | D        | Reached skill level 1 in Crossbows
    24 | D        | Reached skill level 1 in Throwing
    24 | D        | Reached skill level 1 in Stealth
    24 | D        | Reached skill level 1 in Shields
    24 | D        | Reached skill level 1 in Unarmed Combat
    24 | D        | Reached skill level 1 in Evocations
    24 | D        | Reached XP level 2. HP: 4/26 MP: 0/8
   296 | D        | Noticed a crimson imp
   296 | D        | Noticed a crimson imp
   304 | D        | Reached skill level 1 in Conjurations
   304 | D        | Reached skill level 1 in Hexes
   304 | D        | Reached skill level 1 in Summonings
   304 | D        | Reached skill level 1 in Necromancy
   304 | D        | Reached skill level 1 in Translocations
   304 | D        | Reached skill level 1 in Transmutations
   304 | D        | Reached skill level 1 in Fire Magic
   304 | D        | Reached skill level 1 in Ice Magic
   304 | D        | Reached skill level 1 in Air Magic
   304 | D        | Reached skill level 1 in Earth Magic
   304 | D        | Reached skill level 1 in Poison Magic
   305 | D        | HP: 1/26 [orc (2)]
   344 | D        | Killed a crimson imp
   344 | D        | Reached skill level 5 in Fighting
   344 | D        | Reached skill level 5 in Maces & Flails
   344 | D        | Reached skill level 5 in Dodging
   344 | D        | Reached XP level 3. HP: 17/33 MP: 0/10
   370 | D        | Reached XP level 4. HP: 6/39 MP: 2/11
   623 | D        | Learned a level 2 spell: Song of Slaying
   626 | D        | Learned a level 2 spell: Shroud of Golubria
   630 | D        | Learned a level 3 spell: Regeneration
   634 | D        | Learned a level 3 spell: Spectral Weapon
   636 | D        | Found a roughly hewn altar of Beogh.
   636 | D        | Found a snail-covered altar of Cheibriados.
   636 | D        | Found a shadowy altar of Dithmenos.
   636 | D        | Found a white marble altar of Elyvilon.
   636 | D        | Found a blossoming altar of Fedhas.
   636 | D        | Found an opulent altar of Gozag.
   637 | D        | Found a hazy altar of Hepliaklqana.
   638 | D        | Found a viscous altar of Jiyva.
   639 | D        | Found an ancient bone altar of Kikubaaqudgha.
   640 | D        | Found a corrupted altar of Lugonu.
   641 | D        | Found a burning altar of Makhleb.
   642 | D        | Found a sparkling altar of Nemelex Xobeh.
   643 | D        | Found an iron altar of Okawaru.
   644 | D        | Found a stormy altar of Qazlal.
   645 | D        | Found a sacrificial altar of Ru.
   648 | D        | Found a deep blue altar of Sif Muna.
   649 | D        | Found a bloodstained altar of Trog.
   650 | D        | Found a hide-covered altar of Uskayaw.
   651 | D        | Found a radiant altar of Vehumet.
   652 | D        | Found an ornate altar of the Wu Jian Council.
   653 | D        | Found a shimmering altar of Xom.
   654 | D        | Found a basalt altar of Yredelemnul.
   655 | D        | Found a glowing silver altar of Zin.
   656 | D        | Found a glowing golden altar of the Shining One.
   682 | D        | Became a worshipper of Lugonu the Unformed
   682 | D        | Reached * piety under Lugonu
   726 | D        | Got the +2 halberd of Sejiomn {freeze, Str+4 Int+5 Dex-2}
   735 | D        | Noticed an orc warrior
   735 | D        | Noticed a soldier ant
   735 | D        | Noticed a bullfrog
   735 | D        | Noticed a bullfrog
   739 | D        | Reached XP level 5. HP: 46/46 MP: 7/13
   745 | D        | Reached ** piety under Lugonu
   745 | D        | Reached skill level 5 in Armour
   745 | D        | Reached XP level 6. HP: 49/52 MP: 8/15
   749 | D        | Killed a soldier ant
   749 | D        | Reached skill level 5 in Invocations
   758 | D        | Killed an orc warrior
   758 | D        | Reached skill level 5 in Short Blades
   758 | D        | Reached skill level 5 in Long Blades
   758 | D        | Reached skill level 5 in Axes
   758 | D        | Reached skill level 5 in Polearms
   758 | D        | Reached skill level 5 in Staves
   758 | D        | Reached skill level 5 in Slings
   758 | D        | Reached skill level 5 in Bows
   758 | D        | Reached skill level 5 in Crossbows
   758 | D        | Reached skill level 5 in Throwing
   758 | D        | Reached skill level 5 in Stealth
   758 | D        | Reached skill level 5 in Shields
   758 | D        | Reached skill level 5 in Unarmed Combat
   758 | D        | Reached skill level 5 in Evocations
   758 | D        | Reached XP level 7. HP: 37/60 MP: 11/17
   874 | D        | Noticed a two-headed ogre
   874 | D        | Noticed a purple ugly thing
   874 | D        | Noticed a white ugly thing
   874 | D        | Noticed a swamp worm
   874 | D        | Noticed a troll
   877 | D        | Killed a troll
   877 | D        | Reached *** piety under Lugonu
   880 | D        | Killed a swamp worm
   887 | D        | Killed a red ugly thing
   887 | D        | Reached skill level 5 in Conjurations
   887 | D        | Reached skill level 5 in Hexes
   887 | D        | Reached skill level 5 in Summonings
   887 | D        | Reached skill level 5 in Necromancy
   887 | D        | Reached skill level 5 in Translocations
   887 | D        | Reached skill level 5 in Transmutations
   887 | D        | Reached skill level 5 in Fire Magic
   887 | D        | Reached skill level 5 in Ice Magic
   887 | D        | Reached skill level 5 in Air Magic
   887 | D        | Reached skill level 5 in Earth Magic
   887 | D        | Reached skill level 5 in Poison Magic
   887 | D        | Reached XP level 8. HP: 12/68 MP: 16/20
   889 | D        | Killed a purple ugly thing
   890 | D        | Slain by a two-headed ogre

Skill      XL: |  1  2  3  4  5  6  7  8 |
---------------+-------------------------+-----
Spellcasting   | 5 6 7 8 |  8.6
Invocations    | 1 2 3 4 5 7 |  7.5
Short Blades   | 1 2 3 4 5 6 |  6.9
Long Blades    | 1 2 3 4 5 6 |  6.9
Axes           | 1 2 3 4 5 6 |  6.9
Polearms       | 1 2 3 4 5 6 |  6.9
Staves         | 1 2 3 4 5 6 |  6.9
Slings         | 1 2 3 4 5 6 |  6.9
Bows           | 1 2 3 4 5 6 |  6.9
Crossbows      | 1 2 3 4 5 6 |  6.9
Throwing       | 1 2 3 4 5 6 |  6.9
Stealth        | 1 2 3 4 5 6 |  6.9
Shields        | 1 2 3 4 5 6 |  6.9
Unarmed Combat | 1 2 3 4 5 6 |  6.9
Evocations     | 1 2 3 4 5 6 |  6.9
Conjurations   | 1 2 3 4 5 |  5.7
Hexes          | 1 2 3 4 5 |  5.7
Summonings     | 1 2 3 4 5 |  5.7
Necromancy     | 1 2 3 4 5 |  5.7
Translocations | 1 2 3 4 5 |  5.7
Transmutations | 1 2 3 4 5 |  5.7
Fire Magic     | 1 2 3 4 5 |  5.7
Ice Magic      | 1 2 3 4 5 |  5.7
Air Magic      | 1 2 3 4 5 |  5.7
Earth Magic    | 1 2 3 4 5 |  5.7
Poison Magic   | 1 2 3 4 5 |  5.7
Armour         | 3 4 5 7 |  7.4
Fighting       | 5 6 7 8 |  8.3
Maces & Flails | 5 6 7 8 |  8.3
Dodging        | 5 6 7 8 |  8.3
Charms         | 6 7 8 |  8.0

Action                   |  1- 3 |  4- 6 |  7- 9 || total
-------------------------+-------+-------+-------++-------
Melee: Mace              |    69 |       |       ||    69
       Bite              |    11 |       |     2 ||    13
       Punch             |     1 |       |       ||     1
       Halberd           |       |    23 |    15 ||    38
 Cast: Infusion          |     3 |       |       ||     3
       Shroud of Golubri |       |     2 |     1 ||     3
       Song of Slaying   |       |     2 |     1 ||     3
  Use: Potion            |     1 |       |     1 ||     2
Armor: Leather armour    |     8 |     4 |     1 ||    13
Dodge: Dodged            |    49 |    23 |    11 ||    83
